[Event "*** Titled Tuesday Blitz"]
[Site "Chess.com"]
[Date "2020.12.01"]
[Round "2"]
[White "Region_07"]
[Black "Enriquack"]
[Result "1-0"]
[WhiteElo "2461"]
[BlackElo "2274"]
[TimeControl "180+1"]
[EndTime "10:17:01 PST"]
[Termination "Region_07 won by resignation"]

1. Nf3 g6 2. g3 Bg7 3. Bg2 f5 4. d3 Nf6 5. e4 d6 6. O-O O-O 7. e5 dxe5 8. Nxe5 Nbd7 9. Nxd7 Nxd7 10. c3 c6 11. Nd2 e5 12. Nc4 Nb6 13. Nxb6 axb6 14.
Be3 Be6 15. a3 f4 16. Bc1 Qd7 17.
Re1 Rad8 18. d4 fxg3 19. hxg3 exd4 20. Bg5 Rde8 21. cxd4 Bxd4 22. Be3 Bxe3 23. Rxe3 Qg7 24.
Qc2 Bf5 25. Qb3+ Kh8 26. Rxe8 Rxe8 27. Qxb6 h5 28. Rd1 Re2 29. Rd8+ Kh7 30. Rb8 Rxb2 31.
Qd8 h4 32. Qxh4+ 1-0

[Event "*** Titled Tuesday Blitz"]
[Site "Chess.com"]
[Date "2020.12.01"]
[Round "2"]
[White "NMZanette"]
[Black "FrenchMonster2002"]
[Result "0-1"]
[WhiteElo "2248"]
[BlackElo "2450"]
[TimeControl "180+1"]
[EndTime "10:17:01 PST"]
[Termination "FrenchMonster2002 won by checkmate"]

1. e4 g6 2. d4 Bg7 3. Nc3 a6 4.
a4 d6 5. Nge2 Nc6 6. Be3 Nf6 7. h3 O-O 8. g3 e5 9. d5 Ne7 10. Bg2 Nh5 11. g4 Nf4 12. Nxf4 exf4 13. Bxf4 f5 14. exf5 gxf5 15. g5 Ng6 16. Qd2 Nxf4 17. Qxf4 Be5 18. Qd2 f4 19. h4 f3 20.
Bh3 Bxh3 21. Rxh3 Qd7 22. Rh1 Rae8 23. Kd1 Bf4 24. Qd3 Qg4 25. Ne4 Qg2 26. Re1 Re5 27.
c4 Rff5 28. Kc2 Rxe4 29. Qxe4 Qxf2+ 30. Kb3 Be5 31. Qc2 Qb6+ 32. Ka2 f2 33. Qxf5 Qxb2# 0-1

[Event "*** Titled Tuesday Blitz"]
[Site "Chess.com"]
[Date "2020.12.01"]
[Round "2"]
[White "Massakru"]
[Black "mjray79"]
[Result "1-0"]
[WhiteElo "2294"]
[BlackElo "2446"]
[TimeControl "180+1"]
[EndTime "10:17:02 PST"]
[Termination "Massakru won by checkmate"]

1. e4 e5 2. d4 exd4 3. Qxd4 Nc6 4.
Qe3 d6 5. Nc3 Bd7 6. Bd2 Be7 7.
O-O-O Nf6 8. h3 Be6 9. f4 a6 10.
Nf3 b5 11. f5 Bd7 12. g4 b4 13. Nd5 a5 14. g5 Nh5 15. Bc4 a4 16. Nxb4 Nxb4 17.
Bxb4 Rb8 18. Bc3 Qc8 19. Nd4 Qb7 20. h4 c5 21. Ne2 Bc6 22. Bd5 Bxd5 23. Rxd5 O-O 24.
Qf3 g6 25. Nf4 Nxf4 26. Qxf4 Rfe8 27. h5 Bf8 28. hxg6 fxg6 29. fxg6 Bg7 30. Rxh7 Rf8 31.
Rf5 Rxf5 32. exf5 Qg2 33. Rxg7+ Kf8 34. Qxd6+ Ke8 35. Qe7# 1-0

[Event "*** Titled Tuesday Blitz"]
[Site "Chess.com"]
[Date "2020.12.01"]
[Round "2"]
[White "IMVoja"]
[Black "nonsopolo1"]
[Result "1-0"]
[WhiteElo "2420"]
[BlackElo "2176"]
[TimeControl "180+1"]
[EndTime "10:17:02 PST"]
[Termination "IMVoja won by resignation"]

1. d4 Nf6 2. Bg5 Ne4 3. Bh4 c5 4. e3 Qb6 5. Nc3 Qa5 6. Ne2 g6 7.
f3 Nxc3 8. Nxc3 Bg7 9. a3 cxd4 10. exd4 Qb6 11. Nd5 Qe6+ 12. Qe2 Na6 13. Bxe7 Bxd4 14. O-O-O Bg7 15. Bf6 O-O 16. Bxg7 Kxg7 17. Qd2 f6 18. h4 h5 19. g4 Qe5 20. Rg1 hxg4 21. fxg4 d6 22. g5 f5 23. Nf6 Be6 24. h5 gxh5 25. Nxh5+ Kg6 26. Nf4+ Kg7 27. Re1 Qc5 28. Nxe6+ 1-0

[Event "*** Titled Tuesday Blitz"]
[Site "Chess.com"]
[Date "2020.12.01"]
[Round "2"]
[White "Doraemon7"]
[Black "LiamVrolijk"]
[Result "0-1"]
[WhiteElo "2524"]
[BlackElo "2826"]
[TimeControl "180+1"]
[EndTime "10:17:03 PST"]
[Termination "LiamVrolijk won by resignation"]

1. d4 Nf6 2. c4 e6 3. g3 c5 4. d5 exd5 5. cxd5 b5 6. e4 Nxe4 7.
Bg2 Nd6 8. Nf3 Be7 9. O-O O-O 10. Bf4 Bb7 11. Re1 Nc4 12. Nc3 a6 13. b3 Nb6 14.
d6 Bf6 15. Rc1 c4 16. Ne4 Bxe4 17. Rxe4 Nc6 18. h4 h6 19. bxc4 Nxc4 20. Nh2 Re8 21. Ng4 Bb2 22. Rb1 Rxe4 23. Bxe4 Rc8 24. Qd3 Nd4 25. Bd5 Ne6 26. Qf5 Qf8 27. Be4 g6 28.
Qd5 h5 29. Nh6+ Kg7 30. Qd1 Nxf4 31. gxf4 Kxh6 0-1

[Event "*** Titled Tuesday Blitz"]
[Site "Chess.com"]
[Date "2020.12.01"]
[Round "2"]
[White "AquivaRubinstein"]
[Black "ChessLover0108"]
[Result "0-1"]
[WhiteElo "2502"]
[BlackElo "2789"]
[TimeControl "180+1"]
[EndTime "10:17:07 PST"]
[Termination "ChessLover0108 won by checkmate"]

1. e4 c5 2. Nf3 d6 3. d4 cxd4 4. Nxd4 Nf6 5. Nc3 a6 6. Bg5 Nbd7 7. Qe2 Qc7 8. O-O-O b5 9. f4 e6 10. a3 Be7 11. g4 Bb7 12. Bg2 O-O 13. Bh4 b4 14. axb4 a5 15. b5 a4 16. g5 Ne8 17.
f5 a3 18. fxe6 axb2+ 19. Kxb2 Qc5 20. Nb1 Ne5 21. Bf1 fxe6 22. Nb3 Qb4 23. Rd4 Qxd4+ 24. Nxd4 Rf4 25. Bg3 Rxe4 26. Qd1 Bxg5 27. Nc3 Re3 28. Rg1 Bf6 29. Bg2 Nc4+ 30. Kb3 d5 31. Re1 Ra3+ 32.
Kb4 Be7+ 33. Bd6 Bxd6# 0-1

[Event "*** Titled Tuesday Blitz"]
[Site "Chess.com"]
[Date "2020.12.01"]
[Round "2"]
[White "Srisshhhtea"]
[Black "Shuvalov"]
[Result "1-0"]
[WhiteElo "2255"]
[BlackElo "2427"]
[TimeControl "180+1"]
[EndTime "10:17:07 PST"]
[Termination "Srisshhhtea won by checkmate"]

1. e4 e6 2. d4 d5 3. Bd3 c5 4. exd5 exd5 5. Nf3 c4 6. Be2 Nf6 7. O-O Nc6 8. b3 cxb3 9. axb3 Be7 10. c4 O-O 11. Nc3 Bf5 12. Bg5 Nb4 13. Ne5 Bc2 14.
Qd2 Bxb3 15. c5 Nc6 16. Rab1 Bc4 17. Nxc4 dxc4 18. d5 h6 19. Bxf6 Bxf6 20. Ne4 Na5 21. Nxf6+ gxf6 22. Qd4 Re8 23. Bxc4 Nxc4 24. Qxc4 Rb8 25.
Rb3 Re5 26. Rg3+ Rg5 27. h4 Rxg3 28. fxg3 Qe7 29. d6 Qe5 30. Rf4 h5 31. Re4 Qxg3 32.
Re7 Rf8 33. d7 Qc7 34. Qd4 Kg7 35. Re8 Qg3 36. Rxf8 Qe1+ 37. Kh2 b6 38. d8=Q bxc5 39. Rg8+ Kh7 40. Rh8+ Kg6 41. Q4xf6# 1-0

[Event "*** Titled Tuesday Blitz"]
[Site "Chess.com"]
[Date "2020.12.01"]
[Round "2"]
[White "esskeettit"]
[Black "chessmachine14"]
[Result "1-0"]
[WhiteElo "2442"]
[BlackElo "2232"]
[TimeControl "180+1"]
[EndTime "10:17:07 PST"]
[Termination "esskeettit won by checkmate"]

1. d4 Nf6 2. c4 g6 3. Nf3 Bg7 4. e3 O-O 5. Be2 d6 6. O-O Nbd7 7. Nc3 e5 8. Qc2 Re8 9. dxe5 Nxe5 10. Rd1 Nfd7 11.
Nxe5 Bxe5 12. f4 Bg7 13. e4 Nc5 14. Bf3 Qh4 15. Be3 Ne6 16. g3 Qf6 17. Rab1 Nc5 18. Nd5 Qd8 19. b4 Nxe4 20. Bxe4 Rxe4 21. Qxe4 Bf5 22.
Ne7+ Kh8 23. Nxf5 gxf5 24. Qxf5 Qe8 25. Re1 Qa4 26. Qxf7 Rf8 27. Qxc7 Qxa2 28. Bf2 d5 29. cxd5 Qxd5 30. Rbd1 Qb5 31. Rd7 Rg8 32. Rxg7 Rxg7 33. Bd4 Qxb4 34. Qxg7# 1-0

[Event "*** Titled Tuesday Blitz"]
[Site "Chess.com"]
[Date "2020.12.01"]
[Round "2"]
[White "AlexeiShirov"]
[Black "Chessdreamer2020"]
[Result "1-0"]
[WhiteElo "2849"]
[BlackElo "2538"]
[TimeControl "180+1"]
[EndTime "10:17:10 PST"]
[Termination "AlexeiShirov won on time"]

1. e4 d6 2. d4 Nf6 3. Nc3 e5 4. Nf3 Nbd7 5. Bc4 Be7 6. O-O O-O 7. a4 a5 8. b3 c6 9. Re1 h6 10. Ba3 Re8 11. Qd2 Bf8 12. Rad1 Qc7 13. d5 Nb6 14. Be2 cxd5 15. exd5 Bf5 16. Rc1 Ne4 17. Nxe4 Bxe4 18. Bb5 Bxd5 19. Bxe8 Rxe8 20. Nd4 Qd7 21. Ne2 Qg4 22.
Ng3 Bc6 23. Rcd1 Nd5 24. f3 Qh4 25. Nf5 Qf6 26. Ne3 Nf4 27. Qxa5 Re6 28. Qd2 Nh3+ 29. Kh1 Ng5 30. Nd5 Qf5 31. c4 1-0

[Event "*** Titled Tuesday Blitz"]
[Site "Chess.com"]
[Date "2020.12.01"]
[Round "2"]
[White "Leo_C"]
[Black "ChessWarrior3"]
[Result "0-1"]
[WhiteElo "2369"]
[BlackElo "2118"]
[TimeControl "180+1"]
[EndTime "10:17:13 PST"]
[Termination "ChessWarrior3 won by resignation"]

1. d4 Nf6 2. c4 g6 3. f3 d5 4. cxd5 Nxd5 5. e4 Nb6 6. Nc3 Bg7 7. Be3 O-O 8. Qd2 e5 9. d5 c6 10. Rd1 cxd5 11. exd5 Re8 12. h4 h5 13. g4 hxg4 14.
h5 gxh5 15. Rxh5 gxf3 16. Bh6 Qf6 17. Bxg7 f2+ 18. Qxf2 Qxf2+ 19. Kxf2 Kxg7 20. Bb5 Bd7 21. Nf3 Bxb5 22. Nxb5 Na6 23. Rg1+ Kf8 24. d6 f6 25. Rh7 e4 26. Nh4 e3+ 27. Ke2 Nd5 28. Ng6+ Kg8 29. Rxb7 Nc5 30. Ne5+ Kh8 31. Ng6+ Kg8 32.
Ne5+ Kh8 33. Nf7+ Kh7 34. Ne5+ Kh6 35. Ng4+ Kh5 36. Rh7+ Kg6 37. Rh6+ Kg7 38. Rh3 Nf4+ 39. Kf3 Nxh3 0-1

[Event "*** Titled Tuesday Blitz"]
[Site "Chess.com"]
[Date "2020.12.01"]
[Round "2"]
[White "rynos0411"]
[Black "Khnykin_Nikolay"]
[Result "1-0"]
[WhiteElo "2357"]
[BlackElo "2039"]
[TimeControl "180+1"]
[EndTime "10:17:13 PST"]
[Termination "rynos0411 won by checkmate"]

1. d4 e6 2. c4 f5 3. g3 Nf6 4. Bg2 Bb4+ 5. Bd2 Bxd2+ 6. Nxd2 O-O 7. Ngf3 d5 8. O-O Ne4 9. Rc1 c6 10. Ne5 Nd7 11. Nxd7 Bxd7 12. f3 Nd6 13. e4 f4 14.
Qe2 Qg5 15. g4 Rae8 16. cxd5 exd5 17. e5 Nf7 18. Qf2 Nh6 19. h4 Qg6 20. Nb3 Bc8 21. Qc2 Qf7 22. a4 Bxg4 23. fxg4 Nxg4 24. Qe2 Qg6 25. Nc5 f3 26. Rxf3 Rxf3 27. Qxf3 Rf8 28.
Qg3 Qf5 29. Rf1 Qc8 30. Rxf8+ Kxf8 31. Bh3 h5 32. Qf4+ Kg8 33. Bxg4 hxg4 34. e6 b6 35. Nd7 Qe8 36. Qxg4 g6 37. Nf6+ Kf8 38. Nxe8 Kxe8 39. Qxg6+ Ke7 40. Qf7+ Kd6 41. Qd7# 1-0

[Event "*** Titled Tuesday Blitz"]
[Site "Chess.com"]
[Date "2020.12.01"]
[Round "2"]
[White "Jabberwockiez"]
[Black "ZEN-22"]
[Result "0-1"]
[WhiteElo "2233"]
[BlackElo "2442"]
[TimeControl "180+1"]
[EndTime "10:17:17 PST"]
[Termination "ZEN-22 won by checkmate"]

1. e4 d5 2. exd5 c6 3. dxc6 Nxc6 4. Nf3 e5 5. d3 f5 6. Be2 Nf6 7. O-O Bc5 8. Be3 Bd6 9. c4 O-O 10. Nc3 a6 11. a3 h6 12. b4 Qc7 13. c5 Be7 14. Qb3+ Kh7 15. b5 axb5 16. Nxb5 Qb8 17. Rab1 Ng4 18. Bd2 e4 19. dxe4 fxe4 20. h3 exf3 21.
Bd3+ Kh8 22. hxg4 fxg2 23. Rfe1 Bxc5 24. Bf5 Bxf5 25. gxf5 Rxf5 26. Qh3 Bxf2+ 27. Kxg2 Bxe1 28. Rxe1 Rxb5 29. Bxh6 Qf8 30. Bd2+ Kg8 31. Rh1 Qf5 32. Qh8+ Kf7 33. Qxa8 Qg4+ 34. Kf2 Rf5+ 35. Ke1 Qe4+ 36. Kd1 Qxh1+ 37. Kc2 Qe4+ 38. Kb2 Rb5+ 39. Bb4 Nxb4 40. axb4 Rxb4+ 41. Kc3 Qd4+ 42. Kc2 Rb2+ 43. Kc1 Qd2# 0-1

[Event "*** Titled Tuesday Blitz"]
[Site "Chess.com"]
[Date "2020.12.01"]
[Round "2"]
[White "Hikaru"]
[Black "sara_khm"]
[Result "1-0"]
[WhiteElo "3196"]
[BlackElo "2594"]
[TimeControl "180+1"]
[EndTime "10:17:18 PST"]
[Termination "Hikaru won by resignation"]

1. e4 e5 2. Nf3 Nc6 3. Bb5 a6 4.
Ba4 Nf6 5. d3 d6 6. a3 Bd7 7.
Bb3 h6 8. O-O g6 9. Re1 Bg7 10.
Nbd2 O-O 11. Nf1 Nh5 12. c3 Kh7 13. Ne3 Nf4 14. d4 Ne7 15. dxe5 dxe5 16. Nc4 Nc6 17. Ncxe5 Nh3+ 18. gxh3 Nxe5 19. Nxe5 Bxe5 20. Qd2 Bg7 21. Rd1 Bxh3 22. Qxd8 Raxd8 23. Bf4 c6 24. f3 Be6 25.
Bc2 Bf6 26. Kf2 Rxd1 27. Rxd1 Rd8 28. Rg1 g5 29. e5+ Kh8 30. exf6 gxf4 31. Ke1 Rd6 32.
Rg7 Bd5 33. Rh7+ Kg8 34. Rxh6 Re6+ 35. Kf2 Re3 36. Rh3 Be6 37. Rh4 Bc4 38. Bh7+ Kf8 39. Bd3 1-0

[Event "*** Titled Tuesday Blitz"]
[Site "Chess.com"]
[Date "2020.12.01"]
[Round "2"]
[White "DenLaz"]
[Black "Tpros"]
[Result "1-0"]
[WhiteElo "2792"]
[BlackElo "2503"]
[TimeControl "180+1"]
[EndTime "10:17:18 PST"]
[Termination "DenLaz won by resignation"]

1. d4 Nf6 2. c4 g6 3. g3 Bg7 4. Bg2 c5 5. d5 O-O 6. Nc3 e6 7. Nf3 exd5 8. cxd5 d6 9. O-O a6 10. a4 Ng4 11. Bf4 Qe7 12. Qd2 Nd7 13. Rfe1 Nde5 14. Rac1 f5 15. h3 Nxf3+ 16. exf3 Ne5 17. Bg5 Qc7 18. f4 Nf7 19. Re7 Qa5 20. Rce1 b5 21. axb5 axb5 22. Qc2 b4 23. Nd1 Ba6 24. h4 h6 25. h5 hxg5 26. hxg6 Nh8 27. Ne3 Bc8 28. Re6 b3 29. Qd1 Bxe6 30. dxe6 Nxg6 31. Nc4 Qc7 32. Qh5 Ne7 33. Bxa8 Rxa8 34. Qf7+ Kh7 35. Kg2 Qc6+ 36. f3 Ng8 37. fxg5 Nh6 38. gxh6 1-0

[Event "*** Titled Tuesday Blitz"]
[Site "Chess.com"]
[Date "2020.12.01"]
[Round "2"]
[White "Taktikmonster"]
[Black "Chessalary"]
[Result "0-1"]
[WhiteElo "2195"]
[BlackElo "2421"]
[TimeControl "180+1"]
[EndTime "10:17:18 PST"]
[Termination "Chessalary won on time"]

1. e4 c5 2. Nf3 d6 3. d4 cxd4 4. Nxd4 Nf6 5. Nc3 a6 6. Be2 e6 7. Be3 Be7 8. f4 O-O 9. g4 Qc7 10. g5 Nfd7 11. Qd2 b5 12. a3 Bb7 13. O-O-O Nc6 14. Nxc6 Bxc6 15. f5 exf5 16. exf5 Rfc8 17. Rhg1 Ne5 18. Bf4 Qa5 19. f6 Bf8 20. fxg7 Bxg7 21. Qxd6 Nc4 22. Bxc4 bxc4 23. Nd5 Bxd5 24. Rxd5 Qa4 25.
Be5 c3 26. b3 Qe4 27. Bxg7 Qe3+ 28. Kb1 Qxg1+ 29. Rd1 Qe3 30. Bd4 Qe6 31. Qg3 Rab8 32.
Re1 Rxb3+ 33. Kc1 Rxa3 34. Bxc3 Qd5 35. Re6 Qxe6 0-1

[Event "*** Titled Tuesday Blitz"]
[Site "Chess.com"]
[Date "2020.12.01"]
[Round "2"]
[White "profofchess"]
[Black "rududuyk"]
[Result "1-0"]
[WhiteElo "2418"]
[BlackElo "2197"]
[TimeControl "180+1"]
[EndTime "10:17:18 PST"]
[Termination "profofchess won by resignation"]

1. e4 e6 2. d4 d5 3. Nc3 Bb4 4. e5 c5 5. Bd2 Ne7 6. a3 cxd4 7. axb4 dxc3 8. bxc3 Qc7 9. f4 Bd7 10.
Nf3 Nbc6 11. Bd3 Qb6 12. Qe2 d4 13. b5 dxc3 14. Bxc3 Nd8 15. Bd4 Qc7 16. O-O Nd5 17.
Qe4 Nb4 18. b6 Qc6 19. bxa7 Nxd3 20. Qxd3 Qc7 21. Ng5 Bc6 22. Ne4 Bxe4 23. Qxe4 Nc6 24. Bc5 b6 25. Bd6 Qb7 26. Kh1 Rxa7 27. Rxa7 Qxa7 28.
Qxc6+ Qd7 29. Qa8+ Qd8 30. Qa7 h5 31. Ra1 Rh6 32. Qb7 1-0

[Event "*** Titled Tuesday Blitz"]
[Site "Chess.com"]
[Date "2020.12.01"]
[Round "2"]
[White "Klavdia_Nik"]
[Black "CM_rui"]
[Result "0-1"]
[WhiteElo "2064"]
[BlackElo "2363"]
[TimeControl "180+1"]
[EndTime "10:17:18 PST"]
[Termination "CM_rui won on time"]

1. Nf3 Nf6 2. c4 e6 3. b3 c5 4. Bb2 Nc6 5. g3 Be7 6. Bg2 d5 7.
cxd5 exd5 8. d4 O-O 9. O-O Bg4 10. Ne5 Be6 11. Nxc6 bxc6 12. dxc5 Bxc5 13. e3 Qe7 14. Nc3 Rad8 15. Na4 Bd6 16. Qc2 Bd7 17. Rac1 Rc8 18. Nc5 Bg4 19. Bd4 Rfe8 20. b4 Bh5 21. a3 Bg6 22. Qb2 Nh5 23. Bf3 f5 24. Rfd1 Bf7 25. Rc2 g5 26. Rdc1 g4 27. Bg2 Bg6 28. Rc3 Ng7 29.
Qd2 h5 30. Rb3 h4 0-1

[Event "*** Titled Tuesday Blitz"]
[Site "Chess.com"]
[Date "2020.12.01"]
[Round "2"]
[White "Talaris"]
[Black "Homino"]
[Result "0-1"]
[WhiteElo "1977"]
[BlackElo "2350"]
[TimeControl "180+1"]
[EndTime "10:17:18 PST"]
[Termination "Homino won on time"]

1. c4 c5 2. g3 g6 3. Bg2 Bg7 4. Nc3 Nf6 5. Nf3 O-O 6. d4 cxd4 7. Nxd4 Nc6 8. O-O Nxd4 9. Qxd4 d6 10. Qd3 Bf5 11. e4 Be6 12. Bd2 a5 13. Rac1 a4 14. Rfd1 Nd7 15. Qe2 Ne5 16. Nd5 Rc8 17. Bg5 Re8 18. h3 h6 19. Be3 Nd7 20. Qd2 Kh7 21.
b3 axb3 22. axb3 Nc5 23. Rb1 Ra8 24. b4 Nd7 25. Kh2 Ra3 26. c5 dxc5 27. bxc5 Qc8 28. Nb6 Nxb6 29. Rxb6 Ra2 30. Qb4 Rd8 31. Rxd8 Qxd8 32.
Rxb7 Rb2 33. Qxb2 Bxb2 34. Rxb2 Qd3 35. e5 Qc4 36. c6 Bf5 0-1

[Event "*** Titled Tuesday Blitz"]
[Site "Chess.com"]
[Date "2020.12.01"]
[Round "2"]
[White "ybruned"]
[Black "PriSachu"]
[Result "0-1"]
[WhiteElo "2295"]
[BlackElo "2545"]
[TimeControl "180+1"]
[EndTime "10:17:19 PST"]
[Termination "PriSachu won by resignation"]

1. e4 e5 2. Nf3 Nc6 3. Bb5 a6 4.
Bxc6 dxc6 5. Nc3 f6 6. d4 exd4 7. Qxd4 Qxd4 8. Nxd4 Bd7 9. Bf4 O-O-O 10. O-O-O Ne7 11.
f3 Ng6 12. Bg3 Bb4 13. Nde2 Be6 14. Rxd8+ Rxd8 15. Rd1 Rxd1+ 16. Kxd1 Kd7 17. a3 Be7 18. Nf4 Nxf4 19. Bxf4 a5 20. a4 Bc4 21. b3 Bf1 22. g3 g5 23. Be3 h5 24. Ne2 Bd6 25.
Ke1 Bh3 26. f4 gxf4 27. Nxf4 Bg4 28. h3 Bf3 29. Kf2 Bxe4 30. Nd3 b6 31. g4 hxg4 32. hxg4 Ke6 33. Ke2 c5 34. Kd2 Bf3 35. g5 f5 36.
Nf4+ Kd7 37. Nd3 Bh5 38. Bf4 Bf7 39. c4 Ke6 40. Kc3 Bxf4 41. Nxf4+ Ke5 42. g6 Bg8 43. Nh5 f4 44. Kd3 Kf5 45. g7 Kg5 46. Nxf4 Kxf4 47. Kc3 Ke3 0-1

[Event "*** Titled Tuesday Blitz"]
[Site "Chess.com"]
[Date "2020.12.01"]
[Round "2"]
[White "ural58"]
[Black "politeplayer"]
[Result "1-0"]
[WhiteElo "2447"]
[BlackElo "2252"]
[TimeControl "180+1"]
[EndTime "10:17:19 PST"]
[Termination "ural58 won by resignation"]

1. e4 c5 2. b3 Nf6 3. e5 Nd5 4.
Nc3 Nxc3 5. dxc3 b6 6. Nf3 Bb7 7. Bc4 e6 8. O-O d6 9. exd6 Bxd6 10. Bg5 Qc7 11. Bh4 Nc6 12. Bg3 O-O-O 13. Qe2 Bxg3 14. hxg3 Kb8 15. a4 Na5 16. Ba6 h5 17. Bxb7 Nxb7 18. Rad1 Rxd1 19. Rxd1 Rd8 20. Rxd8+ Nxd8 21. Ne5 g6 22.
Qe4 Qd6 23. Kh2 Qd5 24. Qf4 Qd6 25. Nxg6 Qxf4 26. Nxf4 h4 27. gxh4 Kc7 28. h5 f6 29.
h6 Kd6 30. h7 Nf7 31. Ng6 c4 32. b4 b5 33. axb5 Kc7 34. Kg3 Kb6 35. h8=Q Nxh8 36. Nxh8 Kxb5 37. Ng6 Ka4 38. Nf8 Ka3 39. Nxe6 Kb2 40.
Kf4 Kxc3 41. b5 Kxc2 42. Kf5 Kb3 43. Nd4+ Kb4 44. g4 c3 45. f4 Kc4 46. Ke4 c2 47.
Nxc2 Kxb5 48. g5 fxg5 49. fxg5 1-0

[Event "*** Titled Tuesday Blitz"]
[Site "Chess.com"]
[Date "2020.12.01"]
[Round "2"]
[White "Keures"]
[Black "vwnv7"]
[Result "1-0"]
[WhiteElo "2230"]
[BlackElo "2402"]
[TimeControl "180+1"]
[EndTime "10:17:20 PST"]
[Termination "Keures won on time"]

1. d4 d5 2. c4 e6 3. Nc3 Nf6 4. Bg5 Be7 5. Qc2 O-O 6. e3 h6 7. Bh4 b6 8. cxd5 Nxd5 9. Nxd5 exd5 10. Bxe7 Qxe7 11. Rc1 c6 12. Nf3 Ba6 13. Bxa6 Nxa6 14. a3 Rac8 15. b4 c5 16. bxc5 bxc5 17. O-O c4 18. Qa4 Qd6 19. Ne5 f6 20. Ng6 Rfe8 21. Rb1 Rb8 22. h4 Kf7 23. h5 c3 24. Rxb8 Rxb8 25. Rc1 Rc8 26. Qb5 Rc7 27. Rc2 Qc6 28. Qb3 Qc4 29. Qb1 Qa4 30. Qc1 Qb3 31. g3 1-0

[Event "*** Titled Tuesday Blitz"]
[Site "Chess.com"]
[Date "2020.12.01"]
[Round "2"]
[White "gmcorrales"]
[Black "sergeikim"]
[Result "1/2-1/2"]
[WhiteElo "2787"]
[BlackElo "2512"]
[TimeControl "180+1"]
[EndTime "10:17:21 PST"]
[Termination "Game drawn by repetition"]

1. e4 e5 2. Nf3 Nc6 3. Bb5 a6 4. Ba4 Nf6 5. O-O b5 6. Bb3 Bc5 7. c3 d6 8. d4 Bb6 9. Be3 h6 10. dxe5 Nxe5 11. Nxe5 dxe5 12. Qxd8+ Kxd8 13. Bxb6 cxb6 14. Bxf7 Ke7 15. Bb3 Bb7 16. f3 Rad8 17. Na3 Rd2 18. Rf2 Rhd8 19. Raf1 R2d7 20. Nb1 a5 21. a3 Ba6 22.
Re1 Nh5 23. g3 Nf6 24. Rc2 Rd3 25. Kg2 g5 26. Rf2 Bb7 27. Bc2 R3d6 28. h3 Nd7 29. Ree2 Nc5 30. Nd2 h5 31. g4 Ne6 32.
Nf1 Nf4+ 33. Kg3 h4+ 34. Kh2 Nxe2 35. Rxe2 Bc8 36. Rg2 Be6 37. Ne3 Rd2 38. Nd5+ R2xd5 39. exd5 Bxd5 40. Re2 Kd6 41. Kg2 Kc5 42. Kf2 Kd6 43.
Rd2 Kc6 44. Be4 Rd6 45. Ke3 a4 46. Rd3 Kc5 47. Rd1 Kc6 48. Rd2 Kc5 49. Rd3 Kc6 50. Rd2 Kc5 51. Rd3 Kc6 52. Rd2 1/2-1/2

[Event "*** Titled Tuesday Blitz"]
[Site "Chess.com"]
[Date "2020.12.01"]
[Round "2"]
[White "Piotrek1979"]
[Black "Chernobay_Artem"]
[Result "0-1"]
[WhiteElo "2463"]
[BlackElo "2685"]
[TimeControl "180+1"]
[EndTime "10:17:21 PST"]
[Termination "Chernobay_Artem won by checkmate"]

1. Nf3 Nf6 2. g3 g6 3. Bg2 Bg7 4. O-O O-O 5. d3 d5 6. Nbd2 c5 7. e4 dxe4 8. Nxe4 Nfd7 9. c3 Nc6 10. Re1 b6 11. a4 Bb7 12. Bg5 h6 13. Be3 Qc7 14.
Qb3 e5 15. Nfd2 Kh7 16. Nc4 Rad8 17. h4 Ba8 18. h5 gxh5 19. a5 f5 20. axb6 axb6 21.
Ned6 Na5 22. Nxa5 Bxg2 23. Kxg2 Qxd6 24. Nc4 Qd5+ 25. f3 f4 26. gxf4 exf4 27. Bf2 Rf6 28. Nd2 Rg6+ 29. Kh2 Qxd3 30. Rad1 Ne5 31. Bh4 Qxd2+ 32.
Rxd2 Rxd2+ 33. Kh3 Nxf3 34. Rh1 Rh2+ 35. Rxh2 Ng1# 0-1

[Event "*** Titled Tuesday Blitz"]
[Site "Chess.com"]
[Date "2020.12.01"]
[Round "2"]
[White "gmpeter008"]
[Black "Supernotar"]
[Result "1-0"]
[WhiteElo "2426"]
[BlackElo "2786"]
[TimeControl "180+1"]
[EndTime "10:17:21 PST"]
[Termination "gmpeter008 won by resignation"]

1. c4 c5 2. Nc3 Nc6 3. g3 g6 4.
Bg2 Bg7 5. Nf3 e6 6. d4 cxd4 7.
Nb5 d5 8. cxd5 exd5 9. O-O Nge7 10. Nbxd4 O-O 11. Be3 Bg4 12. h3 Bd7 13. a3 Rc8 14.
Qd2 a6 15. Rfc1 Re8 16. b4 Ne5 17. Nxe5 Bxe5 18. Kh2 h5 19. Bf4 Bg7 20. Bg5 Qb6 21. Be3 Qd8 22. Bf3 Rc7 23. Bg5 Rxc1 24. Rxc1 Qb6 25.
Rc5 Nc6 26. Nb3 d4 27. Qf4 Be6 28. Nd2 a5 29. Ne4 Kh8 30. Bf6 Kh7 31. Rxh5+ gxh5 32. Qg5 Bh6 33. Qxh5 Rg8 34. Ng5+ Rxg5 35. Bxg5 d3 36.
Qxh6+ Kg8 37. Bf6 Qxf2+ 38. Bg2 Qxf6 39. Qxf6 d2 40. Qg5+ Kf8 41. Qxd2 1-0

[Event "*** Titled Tuesday Blitz"]
[Site "Chess.com"]
[Date "2020.12.01"]
[Round "2"]
[White "Nils_03"]
[Black "Nadeev_Sergey"]
[Result "0-1"]
[WhiteElo "2256"]
[BlackElo "2449"]
[TimeControl "180+1"]
[EndTime "10:17:21 PST"]
[Termination "Nadeev_Sergey won by checkmate"]

1. d4 Nf6 2. c4 c6 3. Nf3 d5 4.
Nc3 dxc4 5. a4 Bf5 6. Ne5 Nbd7 7. Nxc4 Qc7 8. Bg5 h6 9. Bh4 Nh5 10. e4 Bg6 11. Be2 Nf4 12. Bg3 h5 13. Qd2 e5 14.
dxe5 Nxe2 15. Qxe2 h4 16. Bf4 Nc5 17. Nd6+ Bxd6 18.
exd6 Qa5 19. O-O h3 20. Qf3 hxg2 21. Qxg2 O-O-O 22. Rab1 Qb4 23. Qg4+ Rd7 24. Be3 Ne6 25. Rfc1 Qxd6 26. Nb5 Qxh2+ 27. Kf1 Qh1+ 28. Ke2 Qxe4 29.
Qxe4 Bxe4 30. Nxa7+ Kb8 31. Ra1 Nd4+ 32. Bxd4 Rxd4 33.
Ke3 Rb4 34. Nxc6+ Bxc6 35. a5 Rh3+ 36. Ke2 Rxb2+ 37. Kf1 Rh1# 0-1

[Event "*** Titled Tuesday Blitz"]
[Site "Chess.com"]
[Date "2020.12.01"]
[Round "2"]
[White "beto-betun"]
[Black "Alindsay211"]
[Result "0-1"]
[WhiteElo "2207"]
[BlackElo "2422"]
[TimeControl "180+1"]
[EndTime "10:17:22 PST"]
[Termination "Alindsay211 won by resignation"]

1. d4 d5 2. Nf3 Nf6 3. g3 g6 4. Bg2 Bg7 5. O-O O-O 6. c4 c6 7. b3 a6 8. Bb2 b5 9. cxd5 cxd5 10. Nc3 Bb7 11. e3 Nc6 12. Rc1 Rc8 13. Qe2 e6 14. Rfd1 Qd6 15. Rd2 Rc7 16. h3 Rfc8 17. a3 Na5 18.
Qd1 h5 19. Ne5 Nd7 20. f4 Nxe5 21. fxe5 Qe7 22. Bf1 Bh6 23. Kf2 f6 24. Bd3 fxe5 25. Bxg6 Qf6+ 26. Kg2 Qxg6 27. Qf3 e4 28. Qf2 Nxb3 29.
Rcd1 Nxd2 30. Rxd2 Rxc3 31. Bxc3 Rxc3 32. Rd1 Rxe3 33.
Rf1 Rf3 0-1

[Event "*** Titled Tuesday Blitz"]
[Site "Chess.com"]
[Date "2020.12.01"]
[Round "2"]
[White "GregShahade"]
[Black "Eliwood44"]
[Result "1-0"]
[WhiteElo "2699"]
[BlackElo "2469"]
[TimeControl "180+1"]
[EndTime "10:17:23 PST"]
[Termination "GregShahade won on time"]

1. e4 e5 2. Nf3 Nc6 3. Bb5 a6 4. Ba4 d6 5. O-O Bd7 6. d4 b5 7. Bb3 exd4 8. c3 d3 9. Qxd3 Be7 10. a4 Nf6 11. Na3 b4 12. cxb4 Nxb4 13. Qc4 d5 14. exd5 O-O 15. Bf4 Nbxd5 16. Be5 Rb8 17. Bc2 Rb4 18. Qxa6 Bg4 19. Nd4 Rb6 20.
Qc4 c5 21. Nf5 Bxf5 22. Bxf5 Rb4 23. Qc2 g6 24. Bd3 Ng4 25. Bg3 Bd6 26. Nc4 Bxg3 27. hxg3 Qg5 28. Be2 Ndf6 29. f3 Rxc4 30. Bxc4 Qe3+ 31.
Rf2 Nxf2 32. Qxf2 Qh6 33. a5 1-0

[Event "*** Titled Tuesday Blitz"]
[Site "Chess.com"]
[Date "2020.12.01"]
[Round "2"]
[White "vanyakuba"]
[Black "Reader777"]
[Result "0-1"]
[WhiteElo "2468"]
[BlackElo "2687"]
[TimeControl "180+1"]
[EndTime "10:17:25 PST"]
[Termination "Reader777 won by resignation"]

1. e4 c5 2. c3 Nf6 3. e5 Nd5 4. d4 cxd4 5. Nf3 Nc6 6. cxd4 d6 7. Bc4 Nb6 8. Bb5 a6 9. Bxc6+ bxc6 10. h3 d5 11. O-O Bf5 12. b3 e6 13. Ba3 Bxa3 14.
Nxa3 Qe7 15. Nc2 O-O 16. Ne3 Bg6 17. Qd2 Be4 18. Ne1 c5 19. dxc5 Qxc5 20. Rc1 Qe7 21. N1c2 Rfc8 22. Nd4 Nd7 23. f4 Bg6 24. f5 exf5 25.
Nc6 Qe6 26. Nxd5 Kh8 27. Nf4 Qe8 28. Rfe1 Nf8 29. Nb4 Rxc1 30. Qxc1 a5 31. Nbd5 Rc8 32. Qe3 Rc2 33. Re2 Rc6 34. h4 h6 35. h5 Bh7 36. Kh2 a4 37. bxa4 Rc4 38. Qd3 Rxa4 39. a3 Qd8 40. Qf3 Qh4+ 41. Kg1 Rd4 42. Qf2 Rd1+ 0-1